 Dungeon Crawl Stone Soup version 0.25-a0-1137-g7f6bfe439b (webtiles) character file.

Game seed: 3137925651787497363, levelgen mode: classic

11 Amnesiac the Shield-Bearer (level 2, 0/18 HPs)
             Began as a Deep Elf Fighter on May 23, 2020.
             Slain by an adder (3 damage)
             ... on level 2 of the Dungeon.
             The game lasted 00:01:14 (195 turns).

Amnesiac the Shield-Bearer (Deep Elf Fighter)        Turns: 195, Time: 00:01:15

Health: 0/18       AC:  6    Str: 13    XL:     2   Next: 13%
Magic:  4/4        EV:  7    Int: 12    God:
Gold:   12         SH:  8    Dex: 14    Spells: 1/1 levels left

rFire    . . .     SeeInvis .   a - +0 war axe
rCold    . . .     Gourm    .   c - +0 kite shield
rNeg     . . .     Faith    .   b - +0 scale mail
rPois    .         Spirit   .   (no helmet)
rElec    .         Reflect  .   (no cloak)
rCorr    .         Harm     .   (no gloves)
MR       .....                  (no boots)
Stlth    ..........             (no amulet)
HPRegen  0.06/turn              (no ring)
MPRegen  0.09/turn              (no ring)

@: lethally poisoned (0 -> -2)
A: no striking features
a: no special abilities


You were on level 2 of the Dungeon.
You were not hungry.

You visited 1 branch of the dungeon, and saw 2 of its levels.

You collected 12 gold pieces.

Inventory:

Hand Weapons
 a - a +0 war axe (weapon)
Missiles
 e - 4 poisoned darts (quivered)
Armour
 b - a +0 scale mail (worn)
 c - a +0 kite shield (worn)
Scrolls
 h - a scroll of enchant weapon {!r, unknown}
 i - a scroll of identify {!r, unknown}
 j - a scroll of fear {!r, unknown}
Potions
 d - a potion of might {!q}
 g - a potion of brilliance {!q, unknown}
Comestibles
 f - a ration


   Skills:
 - Level 2.4 Fighting
 - Level 2.0 Axes
 - Level 2.4 Armour
 + Level 1.5 Dodging
 - Level 2.4 Shields


You had one spell level left.
You didn't know any spells.
Your spell library was empty.

Dungeon Overview and Level Annotations

Branches:
Dungeon (2/15)

Altars:


Message History

e - 4 poisoned darts (gained 3)
i - a scroll labeled BAKEOL WUHA {!r}
There is an escape hatch in the ceiling here.
Really go through this one-way escape hatch?
A mysterious force pulls you upwards. The hatch slams shut behind you.
Found a scroll labeled CYEWENW MUECVUR.
j - a scroll labeled CYEWENW MUECVUR {!r}
(D) Dungeon
Where to? (? - help)
What level of the Dungeon? (default 1, ? - help)
You open the door.
There is an open door here.
There is a stone staircase leading down here.
You climb downwards.
There is a stone staircase leading up here.
HP restored.
A rat comes into view.
A rat is nearby!
An adder comes into view.
The adder hisses angrily.
You closely miss the adder. You block the adder's attack. The adder bites you.
You are poisoned.
The adder poisons you!
You miss the adder.
You feel sick. The adder bites you but does no damage.
You block the adder's attack.
You don't know any spells.
Your shield and scale mail prevent you from hitting the adder.
You feel sick. The adder bites you.
You are more poisoned.
The adder poisons you!
You hit the adder but do no damage.
You feel sick.
The adder bites you but does no damage. x2
You barely miss the adder.
You feel sick. The adder closely misses you. You block the adder's attack.
You completely miss the adder. The adder closely misses you. x2
You miss the adder.
You feel sick. The adder bites you.
* * * LOW HITPOINT WARNING * * *
The adder bites you but does no damage.
You completely miss the adder.
You feel sick. The adder bites you but does no damage.
You block the adder's attack.
You closely miss the adder. You block the adder's attack.
The adder barely misses you.
You barely miss the adder.
You feel sick. The adder bites you but does no damage.
You block the adder's attack.
You closely miss the adder. You block the adder's attack.
The adder bites you but does no damage.
You miss the adder.
You feel sick. You block the adder's attack.
The adder bites you but does no damage.
You miss the adder. You block the adder's attack. The adder bites you.
* * * LOW HITPOINT WARNING * * *
Your shield prevents you from hitting the adder.
The adder barely misses you. You block the adder's attack.
You hit the adder.
The adder is heavily wounded.
You feel sick. The adder bites you.
* * * LOW HITPOINT WARNING * * *
The adder bites you but does no damage.
You are too injured to fight recklessly!
You are too injured to fight recklessly!
You are too injured to fight recklessly!
Your scale mail prevents you from hitting the adder.
The adder is heavily wounded.
The adder bites you but does no damage. The adder bites you.
You die...

###########
#.........#
#@#######.#
#S# #.<.#.#
.r. #.....#
...#.###.###
#...#.# #.#
#.#.# # #.#
..#.# #.#
####.# #.#
#.#


You could see an adder and a rat.

Vanquished Creatures
  An adder (D:2)
  A leopard gecko (D:1)
2 creatures vanquished.

Notes
Turn   | Place    | Note
-------+----------+-------------------------------------------
     0 | D:1      | Amnesiac the Deep Elf Fighter began the quest for the Orb.
     0 | D:1      | Reached XP level 1. HP: 13/13 MP: 3/3
    92 | D:2      | Reached skill level 1 in Dodging
    92 | D:2      | Reached XP level 2. HP: 13/18 MP: 4/4
   195 | D:2      | Slain by an adder

Illustrated notes

Levels and vault maps discovered:
D:1:      giann_horns, layout_basic, serial_park_tiny_1
D:2:      layout_basic

Skill      XL: |  1 |
---------------+----+-----
Axes           | 2 |  2.0
Dodging        | 1 |  1.5
Fighting       | |  2.4
Armour         | |  2.4
Shields        | |  2.4

Action                   || total
-------------------------++-------
Melee: War axe           ||    23
Throw: Dart              ||     4
Armor: Scale mail        ||    14
Dodge: Dodged            ||     6
Block: Kite shield       ||    13

Table legend:
 A = Non-vault XP
 B = Vault XP
 C = Vault XP percentage of total XP
 D = Non-vault monster count
 E = Vault monster count
 F = Vault count percentage of total count
                 A         B        C        D         E       F
            +---------+---------+-------+---------+---------+-------
      Total |      16 |       0 |   0.0 |       2 |       0 |   0.0
            +---------+---------+-------+---------+---------+-------
        D:1 |       3 |       0 |   0.0 |       1 |       0 |   0.0
        D:2 |      13 |       0 |   0.0 |       1 |       0 |   0.0
            +---------+---------+-------+---------+---------+-------
